 Dungeon Crawl Stone Soup version 0.31.0-11-ge490571c62 (webtiles) character file.

Game seed: 3458828229735842179

12807 Arcadio the Fighter (level 11, -7/114 HPs)
             Began as a Gargoyle Gladiator on Jan 31, 2024.
             Was a High Priest of Trog.
             Mangled by a minotaur
             ... wielding a +5 heavy battleaxe
              (26 damage)
             ... in a Gauntlet.
             The game lasted 00:31:31 (12970 turns).

Arcadio the Fighter (Gargoyle Gladiator)           Turns: 12970, Time: 00:31:32

Health: -7/114     AC: 30    Str: 22    XL:     11   Next: 99%
Magic:  11/11      EV:  7    Int:  9    God:    Trog [*****.]
Gold:   709        SH:  7    Dex: 11    Spells: 10/10 levels left

rFire   + . .        h - +1 morningstar
rCold   . . .        g - +2 buckler
rNeg    + . .        f - +0 plate armour
rPois   ∞            c - +0 helmet
rElec   +            D - +0 cloak
rCorr   .            w - +0 pair of gloves
SInv    .            b - +1 pair of boots {rampage}
Will    .....        (no amulet) Stlth
                     R - ring of protection from fire
HPRegen 0.39/turn    t - ring of flight
MPRegen 0.12/turn

%: no teleportation, rampage
@: mighty, berserking (expiring), flying, very quick
A: sickness immunity, AC +8, negative energy resistance 1, electricity
resistance, torment resistance 1, petrification resistance
a: Renounce Religion, Berserk, Trog's Hand, Brothers in Arms


You were in a Gauntlet.
You worshipped Trog.
Trog was extremely pleased with you.
You visited 4 branches of the dungeon, and saw 14 of its levels.
You also visited: Sewer and Gauntlet.

You collected 909 gold pieces.
You spent 200 gold pieces at shops.

Inventory:

Hand Weapons
 h - a +1 morningstar (weapon)
Armour
 b - a +1 pair of boots of rampaging (worn)
 c - a +0 helmet (worn)
 e - the +0 pair of boots of Ymuig {Int+6}
   (You found it in a Gauntlet)

   Int+6:     It affects your intelligence (+6).
 f - a +0 plate armour (worn)
 g - a +2 buckler (worn)
 w - a +0 pair of gloves (worn)
 D - a +0 cloak (worn)
 H - a +0 pair of boots
Jewellery
 i - a ring of positive energy
 t - a ring of flight (right hand)
 F - the amulet "Jeme" {RegenMP ^Contam Int+4}
   (You bought it in a shop on level 2 of the Dungeon)

   [amulet of magic regeneration]

   RegenMP:   It increases your rate of magic regeneration.
   Int+4:     It affects your intelligence (+4).
   ^Contam:   It causes magical contamination when unequipped.
 R - a ring of protection from fire (left hand)
Wands
 a - a wand of mindburst (10)
 s - a wand of polymorph (25)
 E - a wand of roots (18)
Scrolls
 k - 4 scrolls of fog
 n - 4 scrolls of poison
 o - 2 scrolls of torment
 q - 4 scrolls of fear
 u - 2 scrolls of enchant weapon
 v - a scroll of summoning {unknown}
 x - 3 scrolls of vulnerability
 y - 4 scrolls of teleportation
 A - a scroll of revelation {unknown}
 C - 2 scrolls of blinking
 L - a scroll of enchant armour {unknown}
 O - a scroll of noise {unknown}
 Q - a scroll of silence {unknown}
Potions
 d - a potion of experience {unknown}
 j - 2 potions of lignification
 m - 2 potions of curing
 p - 4 potions of might
 z - 6 potions of mutation
 G - a potion of degeneration
 I - 5 potions of haste
 J - a potion of resistance {unknown}
 K - 2 potions of cancellation {unknown}
 M - a potion of attraction {unknown}
 N - a potion of ambrosia {unknown}
 P - 2 potions of brilliance {unknown}


   Skills:
 + Level 12.4 Fighting
 + Level 9.4(9.6) Maces & Flails
 - Level 3.0(6.7) Staves
 - Level 1.7 Throwing
 + Level 12.0 Armour
 - Level 2.4 Dodging
 - Level 5.0 Shields


You had 10 spell levels left.
You didn't know any spells.
Your spell library contained the following spells:

 Spells                   Type           Power      Damage    Failure   Level
 Ensorcelled Hibernation  Hex/Ice        0%         N/A       100%        2
 Passwall                 Erth           0%         N/A       100%        3
 Swiftness                Air            0%         N/A       100%        3
 Ignite Poison            Fire/Alch      0%         N/A       100%        4
 Freezing Cloud           Conj/Ice/Air   0%         6-21      100%        5
 Cigotuvi's Dreadful Rot  Necr/Alch/Air  Unusable   N/A       N/A         2

Dungeon Overview and Level Annotations

Branches:
Dungeon (11/15)            Temple (1/1) D:4            Lair (1/5) D:8
    Orc (1/2) D:10          Sewer (visited)         Gauntlet (1/1)

Altars:
Ashenzari
Cheibriados
Dithmenos
Elyvilon
Fedhas
Gozag
Hepliaklqana
Kikubaaqudgha
Makhleb
Nemelex Xobeh
Okawaru
Qazlal
Ru
Sif Muna
Trog
Uskayaw
Vehumet
Wu Jian
Xom
Yredelemnul
Zin
The Shining One

Shops:
D:2 *   D:4 !   D:8 [

Portals:
Trove: D:10 (give 6 scrolls of fog)

Annotations:
D:4 3 runed translucent doors, mohammadb5305's ghost, amateur DjCj
D:7 1 runed translucent door, nms23's ghost, novice MiBe Gauntlet 6 transporters


Innate Abilities, Weirdness & Mutations

You are immune to sickness and miasma.
Your stone body is resilient. (AC +8)
You are immune to poison.
You resist negative energy. (rN+)
You are resistant to electric shocks. (rElec)
You are resistant to unholy torment.
You are immune to petrification.


Message History

A minotaur comes into view. It is wielding a +5 heavy battleaxe.
The minotaur bellows!
You feel very mighty all of a sudden.
The minotaur hits you with a +5 heavy battleaxe!!!
Ouch! That really hurt!
The minotaur gores you.
You feel much better.
The minotaur hits you with a +5 heavy battleaxe!!
The minotaur gores you but does no damage.
A red film seems to cover your vision as you go berserk!
You feel yourself moving faster!
You feel mighty!
You barely miss the minotaur.
The minotaur hits you with a +5 heavy battleaxe!!
The minotaur gores you but does no damage.
You sock the minotaur!
The minotaur is moderately wounded.
You sock the minotaur!
The minotaur is moderately wounded.
You block the minotaur's attack. x2
You hit the minotaur.
The minotaur is heavily wounded.
You puncture the minotaur!
The minotaur is heavily wounded.
The minotaur hits you with a +5 heavy battleaxe.
The minotaur gores you but does no damage.
You sock the minotaur!
The minotaur is severely wounded.
You barely miss the minotaur.
The minotaur is severely wounded.
The minotaur closely misses you. The minotaur gores you.
You barely miss the minotaur.
The minotaur furiously retaliates!
The minotaur headbutts you.
* * * LOW HITPOINT WARNING * * *
The minotaur is severely wounded.
You thump the minotaur!
The minotaur is severely wounded.
You barely miss the minotaur.
The minotaur is severely wounded.
The minotaur hits you with a +5 heavy battleaxe!!
You die...

##' #.⌠ #.. +⌠.
.. #.
######H#######
.......@.....#
#.###.###.###.#
#.............#
###.###.###.###
###.###.###.####
................
⌠.⌠.⌠.©.©.⌠.⌠.⌠.
........†.......
################


You could see a minotaur.

Vanquished Creatures
  A two-headed ogre (D:10)
  Sonja (D:10)
  Pikel (D:6)
  A cyclops (D:10)
  A cane toad (Lair:1)
  A komodo dragon (D:11)
  A troll (D:10)
  A queen bee (Gauntlet)
  A raiju (Gauntlet)
  Sigmund (D:5)
  16 yaks
  2 wyverns
  A basilisk (Lair:1)
  A wraith (D:9)
  3 steam dragons
  3 water moccasins
  A hell hound (Gauntlet)
  An acid dragon (D:10)
  3 black bears
  Duvessa (D:5)
  An ice beast (D:8)
  4 ogres
  7 orc warriors
  3 centaurs
  2 lemures (D:6)
  2 phantoms (D:6)
  12 kobold brigands
  Blork the orc (D:5)
  A brain worm (Sewer)
  4 bullfrogs
  A gnoll sergeant (D:10)
  2 scorpions
  18 wights
  Dowan (D:5)
  12 killer bees
  4 howler monkeys
  A bombardier beetle (D:6)
  5 orc priests
  2 gnoll boudas
  4 hounds
  A jelly (D:6)
  2 sleepcaps (D:8)
  An iguana (D:6)
  11 orc wizards
  Robin (D:2)
  12 gnolls
  9 adders
  3 white imps
  4 ufetubi
  A dart slug (D:3)
  2 ribbon worms
  34 orcs
  8 bats
  9 endoplasms
  A giant cockroach (D:1)
  18 goblins
  9 hobgoblins
  3 jackals (D:2)
  6 ball pythons
  5 frilled lizards
  34 kobolds
  7 rats
310 creatures vanquished.

Vanquished Creatures (others)
  An orc wizard (D:5)
1 creature vanquished.

Grand Total: 311 creatures vanquished

Notes
Turn   | Place    | Note
-------+----------+-------------------------------------------
     0 | D:1      | Arcadio the Gargoyle Gladiator began the quest for the Orb.
     0 | D:1      | Reached XP level 1. HP: 12/12 MP: 1/1
   211 | D:1      | Reached skill level 1 in Armour
   243 | D:1      | Reached XP level 2. HP: 18/18 MP: 2/2
   684 | D:2      | Reached XP level 3. HP: 18/23 MP: 3/3
   903 | D:2      | Noticed a black bear
   957 | D:2      | Found Oczemy's Assorted Antiques.
   960 | D:2      | Bought a scroll labelled ESIROA IDOMNAVVESK for 25 gold
                  | pieces
   960 | D:2      | Bought a scroll labelled UNTYIJOAZU for 25 gold pieces
   960 | D:2      | Bought a scroll labelled UNTYIJOAZU for 25 gold pieces
   970 | D:2      | Killed a black bear
   971 | D:2      | Reached skill level 1 in Shields
   971 | D:2      | Reached XP level 4. HP: 22/29 MP: 4/4
   971 | D:2      | Reached XP level 5. HP: 25/33 MP: 5/5
  1041 | D:2      | Noticed Robin
  1068 | D:2      | Killed Robin
  1641 | D:3      | Found a hide-covered altar of Uskayaw.
  2344 | D:3      | Found a faded altar of an unknown god.
  2738 | D:4      | Found a blossoming altar of Fedhas.
  2752 | D:4      | Found Jiytueff's Distillery.
  2816 | D:2      | Bought a warped silver amulet for 125 gold pieces
  2816 | D:2      | Identified the amulet "Jeme" {RegenMP ^Contam Int+4} (You
                  | bought it in a shop on level 2 of the Dungeon)
  2850 | D:4      | Noticed a kobold brigand
  2851 | D:4      | Found a runed translucent gate.
  2851 | D:4      | Found a runed translucent gate.
  2851 | D:4      | Found a runed translucent gate.
  2861 | D:4      | Noticed a steam dragon
  2885 | D:4      | Noticed mohammadb5305's ghost (amateur DjCj)
  2916 | D:4      | Killed a steam dragon
  2917 | D:4      | Reached XP level 6. HP: 30/40 MP: 6/6
  2968 | D:4      | Found a bloodstained altar of Trog.
  2976 | D:4      | Became a worshipper of Trog the Wrathful
  3014 | D:4      | Found a staircase to the Ecumenical Temple.
  3020 | Temple   | Entered the Ecumenical Temple
  3377 | D:4      | Reached skill level 5 in Fighting
  3502 | D:4      | Found a stormy altar of Qazlal.
  3631 | D:5      | Entered Level 5 of the Dungeon
  3636 | D:5      | Reached XP level 7. HP: 44/44 MP: 7/7
  3636 | D:5      | Found a sparkling altar of Nemelex Xobeh.
  3704 | D:5      | Noticed Sigmund
  3716 | D:5      | Killed Sigmund
  3732 | D:5      | Reached skill level 5 in Armour
  3945 | D:5      | Found a shimmering altar of Xom.
  4014 | D:5      | Noticed Blork the orc
  4033 | D:5      | Killed Blork the orc
  4184 | D:5      | Noticed Duvessa
  4210 | D:5      | Killed Duvessa
  4211 | D:5      | Reached XP level 8. HP: 49/51 MP: 8/8
  4223 | D:5      | Reached skill level 5 in Shields
  4236 | D:5      | Noticed Dowan
  4284 | D:5      | Reached * piety under Trog
  4317 | D:5      | Killed Dowan
  4556 | D:5      | Identified the +0 ring mail of the Spheres {rPois Dex+3}
  4594 | D:5      | Found a snail-covered altar of Cheibriados.
  4760 | D:6      | Found a basalt altar of Yredelemnul.
  5124 | D:6      | Found a glowing drain.
  5136 | Sewer    | Entered a sewer
  5176 | Sewer    | Reached skill level 1 in Maces & Flails
  5645 | D:6      | Reached XP level 9. HP: 22/58 MP: 9/9
  5949 | D:6      | Noticed Pikel
  5962 | D:6      | Killed Pikel
  6200 | D:6      | Reached ** piety under Trog
  6402 | D:6      | Found an iron altar of Okawaru.
  6639 | D:6      | Reached skill level 5 in Maces & Flails
  6927 | D:7      | Found a runed translucent door.
  6930 | D:7      | Noticed nms23's ghost (novice MiBe)
  7212 | D:7      | Reached XP level 10. HP: 65/66 MP: 10/10
  7299 | D:8      | Found a staircase to the Lair.
  7563 | D:8      | Reached *** piety under Trog
  7595 | D:8      | HP: 3/67 [killer bee (1)]
  7772 | D:8      | Found a sacrificial altar of Ru.
  8033 | D:8      | Reached skill level 10 in Fighting
  8204 | D:8      | Found Woxiloec's Antique Armour Emporium.
  8595 | D:9      | You fall into a shaft and drop 2 floors!
  8707 | D:11     | Noticed a gargoyle
  8709 | D:10     | Entered Level 10 of the Dungeon
  8837 | D:9      | Reached **** piety under Trog
  8967 | D:9      | Reached skill level 10 in Armour
  9390 | D:9      | Found a glowing golden altar of the Shining One.
  9999 | D:10     | Noticed a cyclops
 10015 | D:10     | Killed a cyclops
 10488 | D:10     | Found a portal to a secret trove of treasure.
 10501 | D:10     | Reached XP level 11. HP: 44/73 MP: 11/11
 10655 | D:10     | Noticed Sonja
 10752 | D:10     | Killed Sonja
 10936 | D:10     | Noticed a two-headed ogre
 10944 | D:10     | Killed a two-headed ogre
 10994 | D:10     | Reached ***** piety under Trog
 11376 | D:10     | Found a staircase to the Orcish Mines.
 11729 | Orc:1    | Entered Level 1 of the Orcish Mines
 11729 | Orc:1    | Noticed an orc sorcerer
 11731 | Orc:1    | Noticed an orc warlord
 11738 | Orc:1    | Noticed an orc sorcerer
 12138 | Lair:1   | Entered Level 1 of the Lair of Beasts
 12495 | Lair:1   | Found a gate leading to a gauntlet.
 12507 | Gauntlet | Entered a Gauntlet
 12507 | Gauntlet | Noticed a fire crab
 12507 | Gauntlet | Found a transporter.
 12507 | Gauntlet | Found a transporter.
 12532 | Gauntlet | Found a transporter.
 12534 | Gauntlet | Found a transporter.
 12535 | Gauntlet | Found a transporter.
 12535 | Gauntlet | Found a transporter.
 12563 | Gauntlet | Found a transporter.
 12585 | Gauntlet | Found a transporter.
 12589 | Gauntlet | Noticed a fire crab
 12876 | Gauntlet | Found a transporter.
 12877 | Gauntlet | Found a transporter.
 12879 | Gauntlet | Noticed a fire crab
 12890 | Gauntlet | Found the +12 glaive of Prune {freeze, Prune}
 12891 | Gauntlet | Found a transporter.
 12918 | Gauntlet | Identified the +0 pair of boots of Ymuig {Int+6}
 12921 | Gauntlet | Found a transporter.
 12957 | Gauntlet | Noticed a minotaur
 12970 | Gauntlet | Mangled by a minotaur

Illustrated notes

Levels and vault maps discovered:
D:1:      minmay_arrival_radiant_lines, layout_loops_ring, minmay_tromino_v4_b
D:2:      layout_loops_ring, serial_shops, nicolae_shop_behind_doors, uniq_robin
D:3:      layout_loops_corners, overflow_temple_1_default,
          hellmonk_ecumenical_altar_prayer_group
D:4:      layout_loops_cross, grunt_temple_overflow_forces_of_nature,
          mainiacjoe_overflow_small_starburst, minmay_temple_entry_waves,
          serial_shops, nicolae_shop_pleasant_corner_grove,
          gammafunk_ghost_nasty_kobolds
D:5:      nicolae_cairo_tiling_large, layout_rooms,
          nemelex_xobeh_ov_fountains_minmay, mainiacjoe_overflow_boulevard,
          lemuel_coloured_pillars_altar, uniq_duvessa, uniq_sigmund,
          uniq_blork_the_orc
D:6:      minmay_diamond_boxcup, layout_basic, okawaru_altar_gauntlet_db,
          mainiacjoe_overflow_cross_hatched, portal_sewer_entry_d, uniq_pikel
D:7:      layout_rooms, hellmonk_ghost_happy_afterlife
D:8:      layout_basic, nicolae_ru_awakened_eye, dpeg_oklobed_lair,
          serial_shops, nicolae_shop_overgrown_old_shop, wad_floor_pattern_1
D:9:      layout_stronghold, lemuel_doored_altar
D:10:     layout_irregular_city, erik_orc_3, nicolae_trove_entry_isolated,
          uniq_sonja
D:11:     layout_cave_pools, nicolae_ashenzari_panopticon
Temple:   bh_familiar_temple
Lair:1:   layout_cave_shapes, gauntlet_entry_generic,
          gammafunk_ghost_hydra_chop, hangedman_lair_unloving_vines,
          lemuel_fruit_tree
Orc:1:    layout_caves
Gauntlet: minmay_gauntlet_77_indecision [minmay_gauntlet_arena_77_double_cross,
          minmay_gauntlet_arena_77_fan, minmay_gauntlet_arena_77_museum,
          minmay_gauntlet_arena_77_two_lines, minmay_gauntlet_arena_77_box,
          minmay_gauntlet_arena_77_radiant_squares, gauntlet_exit_hidden_loot]

Skill      XL: |  1  2  3  4  5  6  7  8  9 10 11 |
---------------+----------------------------------+-----
Armour         | 1 2 3 4 5 7 8 10 12 | 12.0
Fighting       | 3 4 5 6 7 9 10 12 | 12.4
Shields        | 1 3 4 5 |  5.0
Maces & Flails | 2 5 7 9 |  9.4
Staves         | |  3.0
Throwing       | |  1.7
Dodging        | |  2.4

Action                     |  1- 3 |  4- 6 |  7- 9 | 10-12 || total
---------------------------+-------+-------+-------+-------++-------
  Melee: Quarterstaff      |   116 |   112 |       |       ||   228
         Flail             |       |    89 |   516 |   317 ||   922
         Morningstar       |       |       |       |   477 ||   477
 Invoke: Berserk           |       |       |     5 |     4 ||     9
  Evoke: Wand              |       |       |       |     2 ||     2
    Use: Scroll            |       |     5 |     5 |     2 ||    12
         Potion            |       |       |     6 |     4 ||    10
   Stab: Invisible         |       |       |       |     1 ||     1
 Armour: Plate armour      |   134 |   220 |   625 |   803 ||  1782
  Dodge: Dodged            |    48 |    67 |   206 |   248 ||   569
  Block: Buckler           |       |    36 |   243 |   303 ||   582
